 Dungeon Crawl Stone Soup version 0.29.1-15-g9cfb28693d (webtiles) character file.

Game seed: 6032047779476475770

6313 EarthwalkerPL the Protected (level 10, -2/93 HPs)
             Began as a Minotaur Fighter on Mar 29, 2023.
             Was an Elder of Okawaru.
             Slain by a vampire (8 damage)
             ... on level 9 of the Dungeon.
             The game lasted 00:20:51 (10569 turns).

EarthwalkerPL the Protected (Minotaur Fighter)     Turns: 10569, Time: 00:20:53

Health: -2/93      AC: 19    Str: 30    XL:     10   Next: 64%
Magic:  9/9        EV: 10    Int:  5    God:    Okawaru [****..]
Gold:   493        SH:  5    Dex: 11    Spells: 9/9 levels left

rFire   . . .      SeeInvis +   y - +5 sling "Killer Klown's Peril" {vorpal, rPois Will+ SInv}
rCold   . . .      Faith    .   c - +0 buckler
rNeg    . . .      Spirit   .   b - +0 scale mail
rPois   +          Reflect  .   (helmet restricted)
rElec   .          Harm     .   T - +2 cloak
rCorr   .          Rampage  .   S - +0 pair of gloves
Will    +....                   N - +0 pair of boots
Stlth   ..........              (no amulet)
HPRegen 0.25/turn               h - +6 ring of strength
MPRegen 0.11/turn               m - +4 ring of protection

@: no status effects
A: horns 2, retaliatory headbutt
a: Renounce Religion, Heroism, Finesse


You were on level 9 of the Dungeon.
You worshipped Okawaru.
Okawaru was greatly pleased with you.
You visited 2 branches of the dungeon, and saw 10 of its levels.
You also visited: Ossuary.

You collected 493 gold pieces.

Inventory:

Hand Weapons
 a - a +0 war axe
 y - the +5 sling "Killer Klown's Peril" (weapon) {vorpal, rPois Will+ SInv}
   (You found it on level 4 of the Dungeon)

   Any ammunition fired from it inflicts extra damage upon your enemies.
   rPois:     It protects you from poison.
   SInv:      It lets you see invisible.
   Will:      It increases your willpower.
 G - the +3 woodcutter's axe {vorpal}
   (You took it off a gnoll on level 5 of the Dungeon)

   It inflicts extra damage upon your enemies.
 H - a +3 hand axe of venom
Missiles
 u - a curare-tipped dart
 P - 5 poisoned darts
 Q - 2 boomerangs
Armour
 b - a +0 scale mail (worn)
 c - a +0 buckler (worn)
 I - a +0 cloak
 N - a +0 pair of boots (worn)
 S - a +0 pair of gloves (worn)
 T - a +2 cloak (worn)
Jewellery
 h - a +6 ring of strength (left hand)
 m - a +4 ring of protection (right hand)
 D - a ring of ice
Wands
 v - a wand of digging (7)
 E - a wand of light (7)
 R - a wand of polymorph (10)
Scrolls
 e - 3 scrolls of acquirement {unknown}
 f - a scroll of blinking {unknown}
 g - a scroll of fog {unknown}
 i - 10 scrolls of identify {unknown}
 j - 4 scrolls of enchant armour {unknown}
 r - a scroll of vulnerability {unknown}
 t - 3 scrolls of teleportation {unknown}
 w - 3 scrolls of poison {unknown}
 x - a scroll of magic mapping {unknown}
 A - 3 scrolls of immolation
 J - 4 scrolls of summoning {unknown}
 K - 3 scrolls of fear
 M - 5 scrolls of noise
 U - a scroll of enchant weapon
Potions
 d - 3 potions of might
 k - 3 potions of resistance {unknown}
 l - 3 potions of flight {unknown}
 n - 3 potions of brilliance {unknown}
 o - 5 potions of curing {unknown}
 p - 4 potions of haste {unknown}
 q - a potion of mutation {unknown}
 s - 2 potions of heal wounds {unknown}
 z - 3 potions of cancellation {unknown}
 B - a potion of berserk rage {unknown}
 C - a potion of ambrosia {unknown}
 F - 4 potions of lignification {unknown}
 L - 4 potions of degeneration
 O - 2 potions of attraction {unknown}
 V - a potion of magic {unknown}


   Skills:
 * Level 10.2 Fighting
 * Level 9.8 Axes
 * Level 6.7 Ranged Weapons
 * Level 10.3 Armour
 + Level 7.7 Shields


You had 9 spell levels left.
You didn't know any spells.
Your spell library contained the following spells:

 Spells                   Type           Power      Damage    Failure   Level
 Foxfire                  Conj/Fire      0%         2x1d4     77%         1
 Sandblast                Erth           0%         2d4       77%         1
 Ensorcelled Hibernation  Hex/Ice        0%         N/A       88%         2
 Passwall                 Tmut/Erth      0%         N/A       88%         2
 Conjure Flame            Conj/Fire      0%         6-21      98%         3
 Inner Flame              Hex/Fire       0%         N/A       98%         3
 Portal Projectile        Hex/Tloc       0%         N/A       98%         3
 Stone Arrow              Conj/Erth      0%         3d7       98%         3
 Swiftness                Air            0%         N/A       98%         3
 Corpse Rot               Necr/Pois/Air  0%         N/A       100%        4
 Flame Wave               Conj/Fire      0%         2d4       100%        4
 Petrify                  Tmut/Erth      0%         N/A       100%        4
 Blade Hands              Tmut           0%         N/A       100%        5
 Lehudib's Crystal Spear  Conj/Erth      0%         10d2      100%        8
 Tukima's Dance           Hex            Unusable   N/A       N/A         3
 Animate Armour           Summ/Erth      Unusable   N/A       N/A         4

Dungeon Overview and Level Annotations

Branches:
Dungeon (9/15)             Temple (1/1) D:6         Ossuary (visited)
   Lair: D:8-11         Orc: D:9-12

Altars:
Ashenzari
Cheibriados
Elyvilon
Fedhas
Gozag
Hepliaklqana
Kikubaaqudgha
Nemelex Xobeh
Okawaru
Ru
Sif Muna
Trog
Uskayaw
Vehumet
Wu Jian
Xom
Yredelemnul
Zin
The Shining One

Shops:
D:4 (   D:6 (

Annotations:
D:8 1 transporter, Amaemon; Peloso's ghost, novice MiFi
D:9 3 runed translucent doors, vvl's ghost, novice DsVM


Innate Abilities, Weirdness & Mutations

You have a pair of horns on your head.
You reflexively headbutt those who attack you in melee.


Message History

The vampire is almost destroyed.
You block the vampire's attack. The vampire bites you.
The vampire draws strength from your injuries!
The vampire draws life force from you!
The vampire is healed by the life force!
You clumsily bash the vampire but do no damage.
The vampire is severely damaged.
The vampire closely misses you. x2
A vampire is nearby!
You clumsily bash the vampire but do no damage.
The vampire is severely damaged.
You block the vampire's attack. x2
The vampire hits you but does no damage.
The vampire bites you but does no damage.
A vampire is nearby!
You clumsily bash the vampire but do no damage.
Your headbutt misses the vampire.
The vampire is severely damaged.
The vampire hits you! The vampire bites you.
The vampire draws strength from your injuries!
You clumsily bash the vampire but do no damage.
You headbutt the vampire!
The vampire is severely damaged.
The vampire hits you.
* * * LOW HITPOINT WARNING * * *
The vampire barely misses you. The vampire draws life force from you!!
* * * LOW HITPOINT WARNING * * *
The vampire is healed by the life force!
You clumsily bash the vampire but do no damage.
The vampire is moderately damaged.
You block the vampire's attack.
The vampire bites you but does no damage.
You clumsily bash the vampire but do no damage.
Your headbutt misses the vampire.
The vampire is moderately damaged.
The vampire hits you.
* * * LOW HITPOINT WARNING * * *
The vampire barely misses you. x2; You furiously retaliate!
You headbutt the vampire. The vampire bites you!
You die...

. . .## ### #.#
#.## ### #.######
...#####.## #......
..........### #V..#
............####@.#
......#.......##.##
...8######.....#.##
#.### #........#
...# ##.......#
._.# ####..#.## ###
...# ####..###.#
#### #......##
########..###.#


You could see a vampire.

Vanquished Creatures
  Pikel (D:9)
  Maggie (D:6)
  A hornet (D:7)
  Sigmund (D:6)
  4 yaks (D:9)
  2 acid dragons
  Edmund (D:6)
  Duvessa (D:7)
  A water moccasin (D:7)
  An ice beast (D:6)
  A sky beast (D:7)
  3 orc warriors
  A black bear (D:7)
  3 ogres
  3 centaurs
  3 lemures (D:9)
  A kobold brigand (D:3)
  4 bullfrogs
  3 gnoll sergeants
  A scorpion (D:6)
  7 wights (D:8)
  Dowan (D:7)
  15 killer bees
  4 howler monkeys
  A human zombie (Ossuary)
  A centaur zombie (Ossuary)
  3 hounds
  6 orc priests
  3 gnoll boudas
  Crazy Yiuf (D:5)
  3 iguanas
  4 orc wizards
  7 mummies
  38 gnolls
  5 adders
  A white imp (D:3)
  4 worms
  A dart slug (D:1)
  38 orcs
  5 bats
  6 endoplasms
  4 giant cockroaches
  A gnoll zombie (Ossuary)
  3 goblins (D:1)
  7 hobgoblins
  20 jackals
  4 kobolds
  6 quokkas
  5 ball pythons
  5 frilled lizards
  2 goblin zombies (D:6)
  3 hobgoblin zombies (Ossuary)
  A kobold zombie (Ossuary)
  An orc zombie (Ossuary)
  4 rats
257 creatures vanquished.

Vanquished Creatures (others)
  A fungus (D:5)
  7 plants
8 creatures vanquished.

Grand Total: 265 creatures vanquished

Notes
Turn   | Place    | Note
-------+----------+-------------------------------------------
     0 | D:1      | EarthwalkerPL the Minotaur Fighter began the quest for the
                  | Orb.
     0 | D:1      | Reached XP level 1. HP: 19/19 MP: 0/0
   106 | D:1      | Found a faded altar of an unknown god.
   285 | D:1      | Reached XP level 2. HP: 27/27 MP: 1/1
   710 | D:2      | Found a glowing golden altar of the Shining One.
   766 | D:2      | Reached XP level 3. HP: 33/33 MP: 2/2
   920 | D:2      | Got Sif Muna's Cyclopedia of Pollution and the Rocks
   993 | D:2      | Reached XP level 4. HP: 38/41 MP: 3/3
  1633 | D:3      | Reached XP level 5. HP: 46/47 MP: 4/4
  1657 | D:3      | Reached skill level 5 in Fighting
  1657 | D:3      | Reached skill level 5 in Armour
  1931 | D:3      | Reached XP level 6. HP: 54/56 MP: 5/5
  2526 | D:3      | Reached skill level 5 in Axes
  2927 | D:3      | Reached XP level 7. HP: 59/63 MP: 6/6
  3167 | D:3      | Reached skill level 5 in Shields
  3440 | D:4      | Identified the +5 sling "Killer Klown's Peril" {vorpal,
                  | rPois Will+ SInv}
  4033 | D:4      | Found Jephoepyed's Weapon Shoppe.
  4148 | D:5      | Entered Level 5 of the Dungeon
  4311 | D:5      | Found an iron altar of Okawaru.
  4319 | D:5      | Found a radiant altar of Vehumet.
  4323 | D:5      | Became a worshipper of Warmaster Okawaru
  4832 | D:5      | Reached XP level 8. HP: 71/71 MP: 7/7
  5093 | D:5      | Found a runed translucent door.
  5093 | D:5      | Noticed Crazy Yiuf
  5106 | D:5      | Killed Crazy Yiuf
  5281 | D:6      | Noticed Maggie
  5590 | D:6      | Found Kigum's Weapon Shoppe.
  5598 | D:6      | Reached skill level 1 in Ranged Weapons
  5644 | D:6      | Found a sand-covered staircase.
  5685 | Ossuary  | Entered an ossuary
  5739 | Ossuary  | Reached * piety under Okawaru
  6378 | D:6      | Found a staircase to the Ecumenical Temple.
  6398 | Temple   | Entered the Ecumenical Temple
  6427 | D:6      | Noticed Sigmund
  6437 | D:6      | Killed Maggie
  6437 | D:6      | Reached ** piety under Okawaru
  6438 | D:6      | Reached XP level 9. HP: 48/81 MP: 8/8
  6441 | D:6      | Killed Sigmund
  6617 | D:6      | Noticed Edmund
  6622 | D:6      | Killed Edmund
  6726 | D:6      | Found a sacrificial altar of Ru.
  6769 | D:6      | Found an opulent altar of Gozag.
  7039 | D:7      | Noticed Dowan
  7041 | D:7      | Noticed Duvessa
  7057 | D:7      | Killed Duvessa
  7060 | D:7      | Killed Dowan
  7836 | D:7      | Found a hide-covered altar of Uskayaw.
  7988 | D:7      | Reached *** piety under Okawaru
  7998 | D:7      | Reached skill level 5 in Ranged Weapons
  8483 | D:8      | Identified the +0 ring mail of Disguise {+Blink rCorr
                  | Str+2}
  8677 | D:8      | Reached XP level 10. HP: 68/87 MP: 9/9
  8818 | D:8      | Noticed an orange demon
  9215 | D:8      | Found a transporter.
  9268 | D:8      | Noticed Peloso's ghost (novice MiFi)
  9300 | D:8      | Reached **** piety under Okawaru
  9373 | D:8      | Noticed Amaemon
  9663 | D:9      | Noticed Pikel
  9684 | D:9      | Killed Pikel
  9685 | D:9      | Reached skill level 10 in Armour
  9725 | D:9      | Found a glowing silver altar of Zin.
  9774 | D:9      | Reached skill level 10 in Fighting
 10063 | D:9      | Found a runed translucent gate.
 10064 | D:9      | Found a runed translucent gate.
 10065 | D:9      | Found an opulent altar of Gozag.
 10066 | D:9      | Found a runed translucent gate.
 10090 | D:9      | Noticed vvl's ghost (novice DsVM)
 10091 | D:9      | Noticed a boulder beetle
 10407 | D:9      | Found a glowing golden altar of the Shining One.
 10569 | D:9      | Slain by a vampire

Illustrated notes

Levels and vault maps discovered:
D:1:      matt_arrival_diagonals, layout_loops_ring,
          shapermc_ecumenical_altar_notcrosses
D:2:      layout_rooms, basic_altar, minmay_misc_feat_more_columns
D:3:      lemuel_castle_with_subvaults [lemuel_castle_interior_original],
          layout_rooms, serial_park_tiny_2, dreamdust_mushroom_princess
D:4:      layout_gridville, serial_shops, kennysheep_mini_moat
D:5:      layout_cave_pools, grunt_temple_overflow_open,
          pf_guarded_unrand_woodcutter, uniq_crazy_yiuf_cottage
D:6:      layout_cave_pools, nicolae_ru_path_of_blood,
          mainiacjoe_overflow_tiny_flanked, minmay_temple_entry_steel_oval,
          serial_shops, nicolae_stop_n_shop_1, nicolae_ossuary_entry_giza,
          sigmund_edmund_badplayer, uniq_maggie
D:7:      layout_loops_corners, mainiacjoe_overflow_surrounded_room,
          mrwooster_statue_mirror, uniq_duvessa
D:8:      layout_rooms, mainiacjoe_overflow_six_doors_small,
          gammafunk_ghost_gnarly_gnolls, hangedman_abyss_or_decor_lesser_grid,
          minmay_manual_mail, uniq_amaemon
D:9:      layout_layer_cave, zin_academy,
          nicolae_dithmenos_through_a_glass_darkly,
          nicolae_tso_carved_into_rock, ebering_ghost_gozag, uniq_pikel
Temple:   nicolae_temple_no_exploring_needed

Skill      XL: |  1  2  3  4  5  6  7  8  9 10 |
---------------+-------------------------------+-----
Fighting       | 4 5 6 8 9 10 | 10.2
Axes           | 3 4 5 6 7 8 9 |  9.8
Armour         | 4 5 6 7 8 9 10 | 10.3
Shields        | 4 5 6 7 |  7.7
Ranged Weapons | 3 5 6 |  6.7

Action                   |  1- 3 |  4- 6 |  7- 9 | 10-12 || total
-------------------------+-------+-------+-------+-------++-------
Melee: War axe           |    64 |   137 |    74 |       ||   275
       Headbutt          |     8 |    15 |    24 |    21 ||    68
       Hand axe          |       |       |    80 |    64 ||   144
       Sling             |       |       |     2 |     8 ||    10
 Fire: Sling             |       |       |   276 |   124 ||   400
Throw: Dart              |       |       |     1 |       ||     1
  Use: Scroll            |       |       |     2 |       ||     2
Armor: Scale mail        |    36 |    70 |   147 |    74 ||   327
Dodge: Dodged            |    39 |    80 |   140 |    67 ||   326
Block: Buckler           |    11 |    26 |    89 |    41 ||   167
